 Dungeon Crawl Stone Soup version 0.19-a0-36-g4a0968a (webtiles) character file.

618 Chaotic the Basher (level 7, -4/57 HPs)
             Began as a Minotaur Berserker on May 4, 2016.
             Was a Priest of Trog.
             Killed by divine providence
             ... invoked by an orc priest
              (15 damage)
             ... on level 5 of the Dungeon.
             The game lasted 00:07:51 (4202 turns).

Chaotic the Basher (Minotaur Berserker)             Turns: 4202, Time: 00:07:53

Health: -4/57      AC: 11    Str: 21    XL:     7   Next: 21%
Magic:  6/6        EV:  6    Int:  4    God:    Trog [***...]
Gold:   217        SH:  0    Dex: 12    Spells: 0 memorised, 6 levels left

rFire  . . .     SeeInvis .     n - +1 flail
rCold  . . .     Gourm    .     i - +0 plate armour
rNeg   . . .     Faith    .     (no shield)
rPois  .         Spirit   .     (helmet restricted)
rElec  .         Dismiss  .     (no cloak)
rCorr  .         Reflect  .     (no gloves)
SustAt .         Harm     .     (no boots)
MR     .....                    (no amulet)
Stlth  ..........               (no ring)
                                (no ring)

@: not resistant to hostile enchantments, extremely unstealthy
A: retaliatory headbutt, horns 2
a: Berserk, Trog's Hand, Burn Spellbooks, Renounce Religion


You were on level 5 of the Dungeon.
You worshipped Trog.
Trog was most pleased with you.
You were hungry.

You visited 1 branch of the dungeon, and saw 5 of its levels.

You collected 217 gold pieces.

Inventory:

Hand Weapons
 f - a +4 quarterstaff of chaos
 n - a +1 flail (weapon)
Armour
 i - a +0 plate armour (worn)
Scrolls
 a - a scroll of remove curse
 d - 2 scrolls of identify
Potions
 b - a potion of ambrosia {unknown}
 g - 3 potions of flight
 k - a potion of berserk rage
 l - a potion of might {unknown}
 m - a potion of curing
 p - a potion of haste
Comestibles
 c - 4 bread rations
 h - 2 meat rations
 j - a beef jerky


   Skills:
 - Level 3.6 Fighting
 + Level 10.0 Maces & Flails
 - Level 2.4 Armour
 - Level 2.1 Dodging


You had 6 spell levels left.
You didn't know any spells.

Dungeon Overview and Level Annotations

Branches:
Dungeon (5/15)
 Temple: D:4-7

Altars:
Ru
Yredelemnul


Innate Abilities, Weirdness & Mutations

You reflexively headbutt those who attack you in melee.
You have a pair of horns on your head.


Message History

An orc priest comes into view. It is wielding a club.
The orc priest shouts!
The adder bites you.
An adder and a sky beast come into view.
The orc wizard looks braver for a moment.
The orc wizard looks braver for a moment.
The orc priest invokes the aid of Beogh against you.
Beogh smites you!
* * * LOW HITPOINT WARNING * * *
The orc shouts!
The adder bites you.
* * * LOW HITPOINT WARNING * * *
The adder barely misses you. The adder bites you.
* * * LOW HITPOINT WARNING * * *
The orc priest hits you but does no damage.
The adder bites you but does no damage. The adder barely misses you.
The orc priest calls down the wrath of Beogh upon you.
Beogh smites you!
You die...

......!.# #.###'###..#
.........###.# #.# #..#
......$..o†o.###.###..##
..!.....o##..'.._..+....
.......oo###.#######....
...o.$.o5# #.# ### #....
.......Zo# #.#######....
.....ooSS# #............
.....Y.@.# #.#..........
......#### #...........[
...... ####.........
..... ##........ .....
####..### .... #...# .
#.#.# ...#.# ...###.#


You could see a sky beast, 3 orc priests, 2 orc wizards, 2 adders, a shadow imp,
4 orcs and a giant gecko zombie.

Vanquished Creatures
  A centaur (D:4)
  4 hounds
  An orc priest (D:4)
  A giant frog skeleton (D:4)
  Crazy Yiuf (D:2)
  Terence (D:3)
  3 orc wizards (D:4)
  A worker ant zombie (D:5)
  4 gnolls (D:2)
  8 adders
  A shadow imp (D:5)
  An adder skeleton (D:4)
  3 worms
  3 giant geckos
  10 orcs (D:4)
  4 giant cockroaches
  7 goblins
  6 hobgoblins (D:2)
  9 jackals
  A quokka (D:3)
  2 ball pythons
  7 bats
  3 giant newts
  5 kobolds
  5 rats
92 creatures vanquished.

Notes
Turn   | Place    | Note
--------------------------------------------------------------
     0 | D:1      | Chaotic the Minotaur Berserker began the quest for the Orb.
     0 | D:1      | Reached XP level 1. HP: 19/19 MP: 0/0
    90 | D:1      | Reached skill level 4 in Maces & Flails
   303 | D:1      | Reached XP level 2. HP: 26/26 MP: 1/1
   805 | D:2      | Noticed Crazy Yiuf
   815 | D:2      | Killed Crazy Yiuf
   815 | D:2      | Reached skill level 5 in Maces & Flails
   815 | D:2      | Reached XP level 3. HP: 5/31 MP: 2/2
  1290 | D:2      | Reached XP level 4. HP: 39/39 MP: 3/3
  1304 | D:2      | Reached skill level 6 in Maces & Flails
  2144 | D:2      | Reached ** piety under Trog
  2206 | D:2      | Reached XP level 5. HP: 11/45 MP: 4/4
  2214 | D:2      | Reached skill level 7 in Maces & Flails
  2920 | D:3      | Noticed Terence
  2925 | D:3      | Killed Terence
  2993 | D:3      | Reached skill level 8 in Maces & Flails
  3290 | D:3      | Found a sacrificial altar of Ru.
  3370 | D:3      | Reached *** piety under Trog
  3432 | D:4      | Reached XP level 6. HP: 51/51 MP: 5/5
  3507 | D:4      | Reached skill level 9 in Maces & Flails
  3819 | D:4      | Reached XP level 7. HP: 39/57 MP: 6/6
  4117 | D:5      | Entered Level 5 of the Dungeon
  4138 | D:5      | Reached skill level 10 in Maces & Flails
  4173 | D:5      | Found a basalt altar of Yredelemnul.
  4202 | D:5      | Killed from afar by an orc priest

Vault maps used:
D:1:      nagdon_arrival_zigzag_paths
D:2:      minmay_misc_feat_x, uniq_crazy_yiuf_cottage
D:3:      nicolae_ru_the_path_less_chosen, first_bread, uniq_terence
D:5:      lemuel_doored_altar, basic_altar, kennysheep_generic_room_3

Skill      XL: |  1  2  3  4  5  6  7 |
---------------+----------------------+-----
Maces & Flails | 4 5 6 8 9 10 | 10.0
Fighting       | |  3.6
Armour         | |  2.4
Dodging        | |  2.1

Action                   |  1- 3 |  4- 6 |  7- 9 || total
-------------------------+-------+-------+-------++-------
Melee: Mace              |    45 |    77 |       ||   122
       Headbutt          |     4 |    35 |     5 ||    44
       Flail             |       |    98 |    24 ||   122
Invok: Berserk           |       |     1 |       ||     1
  Use: Scroll            |       |       |    13 ||    13
  Eat: Chunk             |     1 |     8 |     1 ||    10
       Fruit             |       |     1 |       ||     1
Armor: Animal skin       |     2 |       |       ||     2
       Chain mail        |    19 |    23 |       ||    42
       Plate armour      |       |   111 |    15 ||   126
Dodge: Dodged            |    20 |    82 |    13 ||   115
